 Dungeon Crawl Stone Soup version 0.28-a0-1202-g1e6f1b2279 (webtiles) character file.

Game seed: 1379722816612941063

2607 Htamos the Tainter (level 9, 46/73 HPs)
             Began as a Formicid Venom Mage on Dec 20, 2021.
             Quit the game on level 7 of the Dungeon.
             The game lasted 00:19:12 (9177 turns).

Htamos the Tainter (Formicid Venom Mage)            Turns: 9177, Time: 00:19:12

Health: 46/73      AC:  3    Str: 14 (15) XL:     9   Next: 90%
Magic:  11/16      EV: 12    Int: 12 (13) God:
Gold:   186        SH:  0    Dex: 10 (11) Spells: 15/18 levels left

rFire   + . .      SeeInvis +   m - +4 dagger (venom)
rCold   . . .      Faith    .   (no shield)
rNeg    . . .      Spirit   .   j - +0 leather armour {rF+}
rPois   .          Reflect  .   (helmet unavailable)
rElec   .          Harm     .   (no cloak)
rCorr   .          Rampage  .   (no gloves)
Will    .....                   (no boots)
Stlth   ++........              (no amulet)
HPRegen 0.22/turn               (no ring)
MPRegen 0.15/turn               (no ring)

@: no status effects
A: permanent stasis, dig shafts and tunnels, antennae 3, four strong arms, fangs
1, clumsy 1, deterioration 1, dopey 1, sense surroundings 1, robust 1
a: Dig, Shaft Self


You were on level 7 of the Dungeon.
You visited 1 branch of the dungeon, and saw 7 of its levels.

You collected 186 gold pieces.

Inventory:

Hand Weapons
 b - a +0 club
 d - a +0 short sword
 m - a +4 dagger of venom (weapon)
 y - a +0 mace
 A - a +2 dire flail of draining
 C - a +2 whip of electrocution
Missiles
 g - 6 datura-tipped darts
 J - 17 poisoned darts
Armour
 a - a +0 robe
 h - a +0 leather armour
 i - a +0 ring mail
 j - a +0 leather armour of fire resistance (worn)
 w - a +0 tower shield
 x - a +0 chain mail
 B - a +0 chain mail
Jewellery
 q - a +6 ring of intelligence
 t - a +4 ring of slaying
 z - an amulet of guardian spirit
 D - an amulet of the acrobat
 I - a ring of fire
Scrolls
 k - 2 scrolls of amnesia {unknown}
 l - 6 scrolls of teleportation {unknown}
 p - 2 scrolls of enchant armour {unknown}
 r - a scroll of fear {unknown}
 F - a scroll of immolation {unknown}
 H - a scroll of noise {unknown}
Potions
 c - a potion of lignification
 e - a potion of attraction
 f - a potion of brilliance
 s - a potion of invisibility
 u - a potion of magic
 v - a potion of cancellation


   Skills:
 + Level 4.9 Fighting
 - Level 3.0 Dodging
 - Level 4.4 Stealth
 * Level 7.4 Shields
 - Level 5.0 Spellcasting
 - Level 2.0 Transmutations
 + Level 2.9 Air Magic
 * Level 9.7 Poison Magic


You had 15 spell levels left.
You knew the following spells:

 Your Spells              Type           Power      Damage    Failure   Level
a - Sting                 Tmut/Pois      68%        1d6       2%          1
b - Poisonous Vapours     Pois/Air       36%        N/A       2%          2

Your spell library contained the following spells:

 Spells                   Type           Power      Damage    Failure   Level
 Olgreb's Toxic Radiance  Pois           26%        N/A       4%          4
 Mephitic Cloud           Conj/Pois/Air  13%        N/A       14%         3


Dungeon Overview and Level Annotations

Branches:
Dungeon (7/15)
 Temple: D:4-7

Altars:

Annotations:
D:4 exclusion: phantom, Blork the orc
D:6 1 runed translucent door, Maggie; mojasp's ghost, amateur KoDe


Innate Abilities, Weirdness & Mutations

You cannot be hasted, slowed, berserked, paralysed or teleported.
You can dig through walls and to a lower floor.
You have a pair of large antennae on your head. (SInv)
Your four strong arms can wield two-handed weapons with a shield.
You have very sharp teeth.
You are clumsy. (Dex -2)
Your body sometimes deteriorates upon taking damage.
You are dopey. (Int -2)
You passively map a small area around you.
You are robust. (+10% HP)


Message History

Press: ? - help, Dir - move target, f/p - sky beast
Aim: a sky beast (lightly wounded, slightly transparent, very poisoned) Poisonous vapours surround the sky beast!
The sky beast looks even sicker.
The sky beast misses you.
Unknown command.
Casting: Poisonous Vapours (safe; 2% risk of failure)
Confirm with . or Enter, or press ? or * to list all spells.
Aiming: Poisonous Vapours (safe; 2% risk of failure)
Press: ? - help, Dir - move target, f/p - sky beast
Aim: a sky beast (moderately wounded, slightly transparent, very poisoned) Poisonous vapours surround the sky beast!
The sky beast looks even sicker.
The sky beast barely misses you.
Unknown command.
You hit the sky beast.
The sky beast is almost dead.
The sky beast hits you. The sky beast shocks you.
Casting: Poisonous Vapours (safe; 2% risk of failure)
Confirm with . or Enter, or press ? or * to list all spells.
Aiming: Poisonous Vapours (safe; 2% risk of failure)
Press: ? - help, Dir - move target, f/p - sky beast
Aim: a sky beast (almost dead, slightly transparent, poisoned) Poisonous vapours surround the sky beast!
The sky beast looks even sicker.
You kill the sky beast!
You feel your strength returning.
Your +2 whip of electrocution stops crackling.
Your +4 dagger of venom begins to drip with poison!
m - a +4 dagger of venom (weapon)
Really quaff the potion of mutation?
You feel extremely strange.
You feel slightly disoriented.
You feel robust.
You feel a strange attunement to the structure of the dungeons.
You feel your body start to fall apart.
Really quaff the potion of mutation?
You feel extremely strange.
Your magical essence no longer links to wands of the dungeon.
You feel a little healthier.
Your thinking seems confused.
You feel clumsy.
You feel stupid.
Your teeth lengthen and sharpen.
Unknown command.
Are you sure you want to abandon this character and quit the game? (Confirm with "yes".)

.......... ..
.........## #.#
..........# ###..#
..........########......
*
..(.>.................#*
*
..........#######..####
..........# ####.## *
.........## #....#### *
.......@######.#.....#
######.......#.#.....##.
####.##...#...(....
##)##...........
#.###.##.....###
####..##.......#
##..###.....#(#
#######..##########.)
#..........# * #


There were no monsters in sight!

Vanquished Creatures
  A centaur zombie (D:7)
  Edmund (D:4)
  A water moccasin (D:7)
  Pargi (D:4)
  3 orc warriors
  3 sky beasts
  2 ogres
  2 centaurs (D:5)
  3 bullfrogs
  A gnoll sergeant (D:5)
  6 hounds
  6 orc priests
  A centaur skeleton (D:6)
  A jelly (D:5)
  A bullfrog skeleton (D:4)
  4 iguanas
  3 orc wizards
  A killer bee zombie (D:6)
  2 hound skeletons (D:5)
  A howler monkey zombie (D:7)
  A howler monkey skeleton (D:6)
  6 adders
  2 shadow imps (D:7)
  An ufetubus (D:6)
  An adder skeleton (D:4)
  A worm (D:3)
  A dart slug (D:5)
  13 orcs
  4 bats
  6 endoplasms
  3 giant cockroaches (D:1)
  3 goblins
  12 hobgoblins
  7 kobolds
  3 quokkas
  6 ball pythons
  A frilled lizard (D:2)
  6 rats
121 creatures vanquished.

Notes
Turn   | Place    | Note
-------+----------+-------------------------------------------
     0 | D:1      | Htamos the Formicid Venom Mage began the quest for the Orb.
     0 | D:1      | Reached XP level 1. HP: 13/13 MP: 3/3
   374 | D:1      | Reached XP level 2. HP: 19/19 MP: 3/5
   494 | D:1      | Found a faded altar of an unknown god.
   861 | D:1      | Learned a level 2 spell: Poisonous Vapours
   901 | D:1      | Reached XP level 3. HP: 23/25 MP: 1/6
  1450 | D:2      | Reached skill level 1 in Fighting
  2161 | D:2      | Reached XP level 4. HP: 32/32 MP: 2/7
  2930 | D:3      | Reached skill level 5 in Poison Magic
  3399 | D:4      | Reached XP level 5. HP: 25/37 MP: 1/9
  3534 | D:4      | Noticed a phantom
  3558 | D:5      | Entered Level 5 of the Dungeon
  3632 | D:4      | Reached skill level 1 in Shields
  3729 | D:4      | Noticed Edmund
  3780 | D:4      | Killed Edmund
  3781 | D:4      | Reached XP level 6. HP: 24/44 MP: 4/10
  3959 | D:4      | Noticed Blork the orc
  4508 | D:4      | Noticed Pargi
  4817 | D:4      | Killed Pargi
  4818 | D:4      | Reached skill level 6 in Poison Magic
  4818 | D:4      | Reached XP level 7. HP: 44/50 MP: 3/11
  5848 | D:5      | Reached XP level 8. HP: 43/57 MP: 7/13
  6023 | D:5      | Reached skill level 7 in Poison Magic
  6331 | D:5      | Reached skill level 1 in Air Magic
  6376 | D:5      | Reached skill level 5 in Shields
  6896 | D:5      | Reached skill level 8 in Poison Magic
  7443 | D:5      | Reached XP level 9. HP: 56/65 MP: 6/15
  8044 | D:6      | Found a runed translucent door.
  8044 | D:6      | Noticed mojasp's ghost (amateur KoDe)
  8118 | D:6      | Reached skill level 9 in Poison Magic
  8249 | D:6      | Noticed Maggie
  8260 | D:6      | You fall into a shaft and drop 1 floor!
  8540 | D:7      | Reached skill level 5 in Spellcasting
  8786 | D:7      | Gained mutation: You possess an exceptional clarity of
                  | mind. [potion of mutation]
  8786 | D:7      | Gained mutation: You passively map a small area around you.
                  | [potion of mutation]
  8786 | D:7      | Gained mutation: Your body sometimes deteriorates upon
                  | taking damage. [potion of mutation]
  8786 | D:7      | Gained mutation: You expend magic power (3 MP) to
                  | strengthen your wands. [potion of mutation]
  8802 | D:7      | HP: 4/99 [centaur warrior zombie (7)]
  9175 | D:7      | Lost mutation: You passively map a small area around you.
                  | [potion of mutation]
  9175 | D:7      | Gained mutation: You are robust. (+10% HP) [potion of
                  | mutation]
  9175 | D:7      | Gained mutation: You passively map a small area around you.
                  | [potion of mutation]
  9175 | D:7      | Gained mutation: Your body often deteriorates upon taking
                  | damage. [potion of mutation]
  9176 | D:7      | Lost mutation: You expend magic power (3 MP) to strengthen
                  | your wands. [potion of mutation]
  9176 | D:7      | Lost mutation: Your body often deteriorates upon taking
                  | damage. [potion of mutation]
  9176 | D:7      | Lost mutation: You possess an exceptional clarity of mind.
                  | [potion of mutation]
  9176 | D:7      | Gained mutation: You are clumsy. (Dex -2) [potion of
                  | mutation]
  9176 | D:7      | Gained mutation: You are dopey. (Int -2) [potion of
                  | mutation]
  9176 | D:7      | Gained mutation: You have very sharp teeth. [potion of
                  | mutation]
  9177 | D:7      | Quit the game

Illustrated notes

Levels and vault maps discovered:
D:1:      dpeg_arrival_leaves_temple_mockup, layout_loops_corners,
          ebering_ecumenical_altar_abandoned
D:2:      layout_basic
D:3:      layout_loops_ring, hangedman_glass_teeth, supply_closet_lemuel
D:4:      layout_loops_ring, uniq_edmund, uniq_pargi, uniq_blork_the_orc
D:5:      layout_loops_ring, minmay_bent
D:6:      layout_rooms, ebering_ghost_sewer_f, uniq_maggie
D:7:      layout_rooms, temple_hall

Skill      XL: |  1  2  3  4  5  6  7  8  9 |
---------------+----------------------------+-----
Dodging        | 2 3 |  3.0
Fighting       | 1 2 3 4 |  4.9
Stealth        | 3 4 |  4.4
Poison Magic   | 5 6 8 9 |  9.7
Transmutations | 2 |  2.0
Shields        | 2 4 5 7 |  7.4
Spellcasting   | 3 4 5 |  5.0
Air Magic      | 1 2 |  2.9

Action                   |  1- 3 |  4- 6 |  7- 9 || total
-------------------------+-------+-------+-------++-------
Melee: Club              |     7 |       |       ||     7
       Unarmed           |     1 |       |       ||     1
       Short sword       |    25 |       |       ||    25
       Dagger            |       |    37 |   170 ||   207
       Dire flail        |       |     3 |       ||     3
       Whip              |       |       |    15 ||    15
 Cast: Sting             |    26 |     6 |    10 ||    42
       Poisonous Vapours |    16 |    48 |   106 ||   170
 Abil: Dig               |       |       |     1 ||     1
       Shaft Self        |       |       |     1 ||     1
  Use: Scroll            |       |     4 |     1 ||     5
       Potion            |       |     1 |    11 ||    12
 Stab: Sleeping          |     1 |     1 |     2 ||     4
Armor: Robe              |    11 |       |       ||    11
       Leather armour    |     1 |    17 |    39 ||    57
       Skin              |       |       |     9 ||     9
Dodge: Dodged            |    26 |    50 |   135 ||   211

Table legend: (Time is in decaauts)
 A = Elapsed time spent in this place.
 B = Non-inter-level travel time spent in this place.
 C = Inter-level travel time spent in this place.
 D = Time resting spent in this place.
 E = Time spent auto-exploring this place.
 F = Levels seen in this place.
 G = Mean time per level.
                   A        B        C        D        E       F      G
               +--------+--------+--------+--------+--------+-----+--------+
         Total |   9186 |   8963 |    223 |   1639 |   5604 |   7 | 1312.3 |
       Dungeon |   9186 |   8963 |    223 |   1639 |   5604 |   7 | 1312.3 |
               +--------+--------+--------+--------+--------+-----+--------+

Top non-repeatable levels by time:
     D:5: 2003 daAuts
     D:4: 1926 daAuts
     D:1: 1332 daAuts
     D:2: 1186 daAuts
     D:3: 1094 daAuts
     D:7: 917 daAuts
     D:6: 725 daAuts
